 Dungeon Crawl Stone Soup version 0.29-a0-96-g93358da72b (webtiles) character file.

Game seed: 14227972012754708210

22 innerfire433 the Skirmisher (level 2, -3/24 HPs)
             Began as a Demonspawn Monk on Feb 12, 2022.
             Slain by a goblin (5 damage)
             ... led by Robin
             ... on level 2 of the Dungeon.
             The game lasted 00:01:01 (1349 turns).

innerfire433 the Skirmisher (Demonspawn Monk)       Turns: 1349, Time: 00:01:02

Health: -3/24      AC:  2    Str: 11    XL:     2   Next: 68%
Magic:  2/2        EV: 13    Int: 11    God:
Gold:   53         SH:  0    Dex: 15    Spells: 1/1 levels left

rFire   . . .      SeeInvis .   a - +0 mace
rCold   . . .      Faith    .   (no shield)
rNeg    . . .      Spirit   .   b - +0 robe
rPois   .          Reflect  .   (helmet restricted)
rElec   .          Harm     .   (no cloak)
rCorr   .          Rampage  .   (no gloves)
Will    .....                   (no boots)
Stlth   ++........              (no amulet)
HPRegen 0.08/turn               (no ring)
MPRegen 0.08/turn               (no ring)

@: no status effects
A: horns 1
a: no special abilities


You were on level 2 of the Dungeon.
You visited 1 branch of the dungeon, and saw 2 of its levels.

You collected 53 gold pieces.

Inventory:

Hand Weapons
 a - a +0 mace (weapon)
Armour
 b - a +0 robe (worn)
Scrolls
 d - 3 scrolls of identify {unknown}
 e - a scroll of enchant weapon {unknown}
Potions
 c - a potion of heal wounds {unknown}


   Skills:
 + Level 3.3 Fighting
 + Level 3.0 Maces & Flails
 + Level 3.0 Dodging
 - Level 2.0 Stealth


You had one spell level left.
You didn't know any spells.
Your spell library was empty.

Dungeon Overview and Level Annotations

Branches:
Dungeon (2/15)

Altars:

Shops:
D:1 ?

Annotations:
D:2 Robin


Innate Abilities, Weirdness & Mutations

You have a pair of small horns on your head.


Message History

You now have 53 gold pieces (gained 16).
A goblin comes into view. It is wielding a +0 dagger.
A hobgoblin comes into view.
There are monsters nearby!
Robin, a hobgoblin and 3 goblins come into view.
Robin shouts!
The goblin shouts!
The hobgoblin shouts!
The goblin shouts!
You hear a shout!
Robin roars a battlecry!
The goblins go into a battle-frenzy!
A goblin comes into view. It is wielding a +0 dagger.
The hobgoblin moves out of view.
The goblin moves out of view.
You hit the hobgoblin.
You kill the hobgoblin!
Your Dodging skill increases to level 3!
You closely miss the goblin. Your headbutt misses the goblin.
Robin throws the goblin at you!
A goblin comes into view. It is wielding a +0 club.
The goblin hits you with a +0 dagger. The goblin misses you.
You closely miss the goblin.
The goblin shouts!
Your headbutt misses the goblin.
You hear a shout!
The goblin hits you with a +0 dagger.
A goblin comes into view. It is wielding a +0 club.
The goblin completely misses you.
A goblin comes into view. It is wielding a +0 dagger.
You closely miss the goblin. The goblin hits you but does no damage.
The goblin hits you with a +0 dagger. The goblin hits you but does no damage.
You thump the goblin!
You kill the goblin!
The goblin hits you with a +0 dagger.
Robin says, "My goblins will feast on your bones."
Robin throws the goblin at you!
* * * LOW HITPOINT WARNING * * *
Things that are here:
a +0 dagger; a goblin corpse You barely miss the goblin.
The goblin hits you with a +0 dagger.
* * * LOW HITPOINT WARNING * * *
The goblin hits you with a +0 dagger.
You die...

. .. .# .. .# ##.
#g .##... #..
##.#..#
#..####....#
#gggg@...#
#.####g..### #
##.....# #.#
#..#.#.# #..
#.##.#.#
##.####.##.#.###
#....##.##.....##
#........####..<##
#.#........#
##...#


You could see Robin and 4 goblins.

Vanquished Creatures
  A dart slug (D:1)
  2 bats (D:1)
  An endoplasm (D:1)
  3 goblins
  2 hobgoblins
  A kobold (D:1)
  5 quokkas
15 creatures vanquished.

Notes
Turn   | Place    | Note
-------+----------+-------------------------------------------
     0 | D:1      | innerfire433 the Demonspawn Monk began the quest for the
                  | Orb.
     0 | D:1      | Reached XP level 1. HP: 18/18 MP: 1/1
   525 | D:1      | Gained mutation: You have a pair of small horns on your
                  | head. [demonic ancestry]
   525 | D:1      | Reached XP level 2. HP: 24/24 MP: 2/2
   703 | D:1      | Found Ecuot's Magic Scroll Shop.
  1342 | D:2      | Noticed Robin
  1349 | D:2      | Slain by a goblin

Illustrated notes

Levels and vault maps discovered:
D:1:      dpeg_arrival_signposts, layout_loops_ring, serial_shops,
          nicolae_shop_hallway_stairs
D:2:      layout_rooms, basic_ecumenical_altar, uniq_terence, uniq_robin

Skill      XL: |  1  2 |
---------------+-------+-----
Stealth        | 2 |  2.0
Maces & Flails | 3 |  3.0
Dodging        | 3 |  3.0
Fighting       | |  3.3

Action                   || total
-------------------------++-------
Melee: Mace              ||    55
       Headbutt          ||     3
 Stab: Sleeping          ||     3
Armor: Robe              ||    18
Dodge: Dodged            ||    50

Table legend: (Time is in decaauts)
 A = Elapsed time spent in this place.
 B = Non-inter-level travel time spent in this place.
 C = Inter-level travel time spent in this place.
 D = Time resting spent in this place.
 E = Time spent auto-exploring this place.
 F = Levels seen in this place.
 G = Mean time per level.
                   A        B        C        D        E       F      G
               +--------+--------+--------+--------+--------+-----+--------+
         Total |   1362 |   1208 |    154 |      0 |   1067 |   2 |  681.0 |
       Dungeon |   1362 |   1208 |    154 |      0 |   1067 |   2 |  681.0 |
               +--------+--------+--------+--------+--------+-----+--------+

Top non-repeatable levels by time:
     D:1: 1318 daAuts
     D:2: 44 daAuts
